 Dungeon Crawl Stone Soup version 0.31.0-12-g77e489cdc1 (webtiles) character file.

Game seed: 13857979294606201268

247 lordive the Ruffian (level 6, -11/38 HPs)
             Began as an Octopode Shapeshifter on Feb 29, 2024.
             Mangled by a wight
             ... wielding a +5 halberd
              (19 damage)
             ... on level 4 of the Dungeon.
             The game lasted 00:03:32 (3003 turns).

lordive the Ruffian (Octopode Shapeshifter)         Turns: 3003, Time: 00:03:33

Health: -11/38     AC:  1    Str: 14    XL:     6   Next: 11%
Magic:  6/6        EV: 13    Int: 14    God:
Gold:   234        SH:  0    Dex: 11    Spells: 5/5 levels left

rFire   . .          .
                       - Unarmed
rCold   . . .        (no shield)
rNeg    . . .        (helmet currently unavailable)
rPois   .            (no amulet)
rElec   .            (no ring)
rCorr   .            (no ring)
SInv    .            (no ring)
Will    .....        (no ring)
Stlth   ++           (no ring)
HPRegen 0.26/turn    (no ring)
MPRegen 0.10/turn    (no ring)
                     (no ring)

%: no passive effects
@: beast-form
A: beast (slay +2), almost no armour, amphibious, 8 rings, camouflage 1,
gelatinous body 1, (nimble swimmer 1), tentacles
a: Begin Untransformation


You were on level 4 of the Dungeon.
You were a hulking beast.
You visited 1 branch of the dungeon, and saw 4 of its levels.

You collected 234 gold pieces.

Inventory:

Talismans
 b - a beast talisman
 c - a flux talisman
Wands
 n - a wand of iceblast (10)
 p - a wand of acid (2)
Scrolls
 e - a scroll of fog {unknown}
 j - 2 scrolls of blinking {unknown}
 l - a scroll of identify {unknown}
 m - 3 scrolls of teleportation {unknown}
 o - a scroll of noise {unknown}
 q - a scroll of vulnerability {unknown}
 r - a scroll of fear {unknown}
Potions
 a - 2 potions of lignification
 d - a potion of magic {unknown}
 f - a potion of resistance {unknown}
 g - 4 potions of heal wounds {unknown}
 h - 2 potions of curing {unknown}
 i - a potion of might {unknown}
 k - 2 potions of degeneration {unknown}


   Skills:
 + Level 1.6 Fighting
 + Level 3.1 Dodging
 + Level 4.7 Unarmed Combat
 * Level 4.4 Shapeshifting


You had 5 spell levels left.
You didn't know any spells.
Your spell library contained the following spells:

 Spells                   Type           Power      Damage    Failure   Level
 Anguish                  Hex/Necr       0%         N/A       96%         4
 Cause Fear               Hex            0%         N/A       96%         4
 Enfeeble                 Hex            0%         N/A       100%        7


Dungeon Overview and Level Annotations

Branches:
Dungeon (4/15)
 Temple: D:4-7

Altars:
Gozag
Makhleb

Shops:
D:4 [

Annotations:
D:4 Robin


Innate Abilities, Weirdness & Mutations

You are a hulking beast.
Your limbs bulge with bestial killing power. (Slay +2)
You cannot wear most types of armour.
You are amphibious.
You can wear up to eight rings at the same time.
Your skin changes colour to match your surroundings (Stealth+).
Your rubbery body absorbs attacks. (AC +1, EV +1)
((You are camouflaged when in or above water. (Stealth+)))
You have tentacles for arms and can constrict up to eight enemies at once.


Message History

You kill the goblin!
The hobgoblin no longer looks unusually strong.
You tentacle-slap the goblin. You grab the goblin. You squeeze the goblin.
The goblin is severely wounded.
You constrict the goblin.
You kill the goblin!
The hobgoblin no longer looks unusually strong.
You closely miss the hobgoblin. You grab the hobgoblin.
You constrict the hobgoblin. The hobgoblin barely misses you.
You tentacle-slap the hobgoblin.
You kill the hobgoblin!
You barely miss the hobgoblin. Your grab misses the hobgoblin.
You squeeze the hobgoblin.
You kill the hobgoblin!
Items here: )))))) †††††.
There is a stone staircase leading up here.
A wight comes into view. It is wielding a +5 halberd.
A wight comes into view. It is wielding a +0 hand axe.
A wight comes into view. It is wielding a +0 short sword.
The wight hits you with a +5 halberd!
You closely miss the wight. Your grab misses the wight.
Your squeeze misses the wight. The wight misses you.
You barely miss the wight. You grab the wight.
You tentacle-slap the wight, but do no damage.
You constrict the wight, but do no damage.
The wight hits you with a +5 halberd!
* * * LOW HITPOINT WARNING * * *
You are too injured to fight recklessly!
You are too injured to fight recklessly!
You tentacle-slap the wight.
The wight is moderately damaged.
You constrict the wight. The wight completely misses you.
You tentacle-slap the wight but do no damage.
The wight is moderately damaged.
You constrict the wight. The wight barely misses you.
You tentacle-slap the wight.
The wight is severely damaged.
You constrict the wight. The wight hits you with a +5 halberd!!
Ouch! That really hurt!
You die...

#.#
#...#.#.######..#
#.#
#.....).<...#...#
#.#
#...#.#.#####.###
#.# #.......# ...
##.#
####.##.#####.#.
...#
#...........#.._
####
#.##....##### #.
#.#..##### ..
#.#.....h# #. #
#.#####zz..... #.
##z..## #. ....
#. ... #. .# #. .
#.


You could see 3 wights.

Vanquished Creatures
  A hound (D:3)
  An iguana (D:4)
  Natasha (thrice) (D:2)
  4 adders
  A ribbon worm (D:2)
  6 orcs
  An endoplasm (D:1)
  2 giant cockroaches
  15 goblins
  9 hobgoblins
  6 jackals (D:2)
  2 quokkas
  6 ball pythons
  6 bats
  2 frilled lizards
  5 kobolds
  5 rats
75 creatures vanquished.

Notes
Turn   | Place    | Note
-------+----------+-------------------------------------------
     0 | D:1      | lordive the Octopode Shapeshifter began the quest for the
                  | Orb.
     0 | D:1      | Reached XP level 1. HP: 13/13 MP: 1/1
    34 | D:1      | Found a faded altar of an unknown god.
   296 | D:1      | Reached XP level 2. HP: 6/18 MP: 2/2
   832 | D:2      | Reached XP level 3. HP: 13/23 MP: 3/3
  1132 | D:2      | Noticed Natasha
  1139 | D:2      | Killed Natasha
  1140 | D:2      | Reached XP level 4. HP: 16/28 MP: 4/4
  1289 | D:2      | Noticed Natasha
  1297 | D:2      | Killed Natasha
  1303 | D:2      | Noticed Natasha
  1311 | D:2      | Killed Natasha
  1437 | D:2      | Reached XP level 5. HP: 28/33 MP: 5/5
  1758 | D:3      | Found a burning altar of Makhleb.
  2768 | D:4      | Reached XP level 6. HP: 38/38 MP: 6/6
  2830 | D:4      | Found Wesirr's Antique Armour Shop.
  2857 | D:4      | Found an opulent altar of Gozag.
  2875 | D:4      | Noticed Robin
  3003 | D:4      | Mangled by a wight

Illustrated notes

Levels and vault maps discovered:
D:1:      minmay_arrival_diagonal_passages, layout_loops_corners,
          hellmonk_ecumenical_altar_crossroads, serial_bayou_pond_a,
          grunt_decor_mini_mirrors
D:2:      minmay_chambers_of_ones, layout_rooms, uniq_natasha
D:3:      layout_loops_ring, mainiacjoe_overflow_catwalk, minmay_misc_feat_iff,
          kennysheep_cluttered_room
D:4:      layout_loops_ring, nicolae_gozag_cash_rules_everything_around_me,
          serial_shops, nicolae_take_the_stairs, uniq_robin

Skill      XL: |  1  2  3  4  5 |
---------------+----------------+-----
Shapeshifting  | 4 |  4.4
Unarmed Combat | 4 |  4.7
Dodging        | 3 |  3.1
Fighting       | |  1.6

Action                     |  1- 3 |  4- 6 || total
---------------------------+-------+-------++-------
  Melee: Unarmed           |    62 |    86 ||   148
         Constrict         |    20 |    24 ||    44
         Tentacles         |     9 |    18 ||    27
         Punch             |     1 |     3 ||     4
   Stab: Sleeping          |    13 |     9 ||    22
         Distracted        |       |     1 ||     1
 Armour: Skin              |    22 |    48 ||    70
  Dodge: Dodged            |    30 |    41 ||    71
